 Dungeon Crawl Stone Soup version 0.22.1-6-g1668fe2c40 (webtiles) character file.

1408 NochnoyZador the Basher (level 8, 0/48 HPs)
             Began as a Gargoyle Fighter on Jan 21, 2019.
             Slain by a killer bee (6 damage)
             ... on level 8 of the Dungeon.
             The game lasted 00:12:35 (4411 turns).

NochnoyZador the Basher (Gargoyle Fighter)          Turns: 4411, Time: 00:12:35

Health: 0/48       AC: 15    Str: 27    XL:     8   Next: 70%
Magic:  17/17      EV:  8    Int:  9    God:
Gold:   339        SH: 10    Dex:  9    Spells: 7/7 levels left

rFire    + . .     SeeInvis .   l - +1 mace (drain)
rCold    x . .     Gourm    .   c - +0 shield
rNeg     + . .     Faith    .   b - +0 scale mail
rPois    ∞         Spirit   .   v - +0 helmet
rElec    +         Reflect  .   E - +0 cloak
rCorr    .         Harm     .   (no gloves)
MR       .....                  (no boots)
Stlth    ..........             (no amulet)
HPRegen  0.16/turn              s - ring of magical power
MPRegen  0.15/turn              t - ring of fire

@: mighty
A: negative energy resistance 1, electricity resistance, unbreathing,
petrification resistance, rot immunity, AC +5
a: no special abilities


You were on level 8 of the Dungeon.
You were not hungry.

You visited 1 branch of the dungeon, and saw 8 of its levels.

You collected 339 gold pieces.

Inventory:

Hand Weapons
 a - a +0 flail
 l - a +1 mace of draining (weapon)
 B - a +0 shortbow
 G - a +1 flail of holy wrath
Missiles
 h - 32 sling bullets
 i - 209 stones (quivered)
 w - 30 bolts
 C - 66 arrows
Armour
 b - a +0 scale mail (worn)
 c - a +0 shield (worn)
 v - a +0 helmet (worn)
 E - a +0 cloak (worn)
Magical Staves
 D - an uncursed staff of conjuration
Jewellery
 s - a ring of magical power (left hand)
 t - a ring of fire (right hand)
 H - an uncursed ring of magical power
Wands
 y - a wand of disintegration (16)
Scrolls
 g - a scroll of immolation {unknown}
 j - 3 scrolls of enchant armour {unknown}
 k - 3 scrolls of identify {unknown}
 n - 5 scrolls of remove curse {unknown}
 o - 2 scrolls of enchant weapon {unknown}
 q - 2 scrolls of fear {unknown}
 u - 2 scrolls of teleportation {unknown}
 x - a scroll of magic mapping {unknown}
 z - a scroll of blinking {unknown}
 I - a scroll of brand weapon {unknown}
Potions
 e - a potion of magic {unknown}
 m - a potion of curing {unknown}
 p - 2 potions of flight {unknown}
 r - 2 potions of brilliance {unknown}
 A - 2 potions of heal wounds {unknown}
Comestibles
 f - 4 rations
 F - 4 chunks of flesh


   Skills:
 * Level 4.1 Fighting
 * Level 9.3 Maces & Flails
 * Level 4.3 Armour
 - Level 0.8 Dodging
 - Level 0.1 Stealth
 * Level 4.8 Shields


You had 7 spell levels left.
You didn't know any spells.
Your spell library was empty.

Dungeon Overview and Level Annotations

Branches:
Dungeon (9/15)
 Temple: D:4-7         Lair: D:8-11         Orc: D:9-12

Altars:
Cheibriados
Hepliaklqana
Qazlal
Trog
Yredelemnul

Shops:
D:4 =   D:8 ?


Innate Abilities, Weirdness & Mutations

You are resistant to torment.
Your stone body is resilient. (AC +5)
You are immune to poison.
You resist negative energy. (rN+)
You are resistant to electric shocks. (rElec)
You can survive without breathing.
You are immune to petrification.
You are immune to rotting.


Message History

The killer bee stings you.
* * * LOW HITPOINT WARNING * * *
The killer bee barely misses you.
Found Qotus's Magic Scroll Emporium.
The killer bee stings you but does no damage.
You block the killer bee's attack.
You feel very mighty all of a sudden. The killer bee barely misses you.
You block the killer bee's attack.
You barely miss the killer bee.
The killer bee stings you but does no damage. x2
You hit the killer bee.
The killer bee is heavily wounded.
You block the killer bee's attack.
The killer bee stings you but does no damage.
You sock the killer bee!
You kill the killer bee!
You miss the killer bee.
The killer bee stings you but does no damage.
You block the killer bee's attack. The killer bee stings you.
You die...

.... #.###
....###...# #.###
..........###≈≈≈##
..........##≈≈≈≈≈#
t.........# ≈≈∩≈≈#
.H...FFt>.# ≈≈.≈≈#
..Y.t..y..# #≈.≈#
#######y### #..#
#y# #@# #.# #y#
#.#####y#


#Fyyy.yy# ######### You could see 4 killer bees.

Vanquished Creatures
  Sigmund (D:3)
  A sky beast (D:5)
  A phantom (D:4)
  2 ogres
  2 centaurs (D:5)
  A killer bee (D:8)
  2 howler monkeys
  2 hounds (D:4)
  A centaur zombie (D:5)
  A bullfrog skeleton (D:3)
  4 orc priests
  4 orc wizards
  An iguana (D:4)
  2 worker ants
  A hound zombie (D:5)
  Robin (D:3)
  A gnoll (D:1)
  5 adders
  A shadow imp (D:5)
  An ooze (D:2)
  An adder skeleton (D:5)
  5 worms
  A dart slug (D:4)
  3 leopard geckos
  13 orcs
  6 bats
  3 giant cockroaches
  13 goblins
  7 hobgoblins
  5 kobolds
  A quokka (D:2)
  3 ball pythons
  5 frilled lizards
  A leopard gecko skeleton (D:5)
  2 quokka skeletons
  11 rats
115 creatures vanquished.

Notes
Turn   | Place    | Note
-------+----------+-------------------------------------------
     0 | D:1      | NochnoyZador the Gargoyle Fighter began the quest for the
                  | Orb.
     0 | D:1      | Reached XP level 1. HP: 14/14 MP: 1/1
   190 | D:1      | Reached XP level 2. HP: 17/19 MP: 2/2
   870 | D:1      | Reached XP level 3. HP: 24/24 MP: 3/3
  1003 | D:2      | Reached skill level 3 in Maces & Flails
  1003 | D:2      | Reached XP level 4. HP: 29/29 MP: 4/4
  1167 | D:2      | Found a bloodstained altar of Trog.
  1173 | D:2      | Found a hazy altar of Hepliaklqana.
  1250 | D:2      | Found a snail-covered altar of Cheibriados.
  1481 | D:2      | Reached XP level 5. HP: 30/33 MP: 5/5
  1617 | D:3      | Reached skill level 4 in Maces & Flails
  1617 | D:3      | Reached XP level 6. HP: 35/38 MP: 6/6
  1881 | D:3      | Noticed Sigmund
  1893 | D:3      | Killed Sigmund
  1893 | D:3      | Reached skill level 5 in Maces & Flails
  2097 | D:3      | Reached XP level 7. HP: 42/42 MP: 7/7
  2257 | D:3      | Noticed Robin
  2265 | D:3      | Killed Robin
  2752 | D:3      | Reached skill level 6 in Maces & Flails
  2894 | D:4      | Found a basalt altar of Yredelemnul.
  3164 | D:4      | Reached skill level 7 in Maces & Flails
  3324 | D:4      | Reached XP level 8. HP: 44/48 MP: 8/8
  3328 | D:4      | Found Qeuphis's Jewellery Emporium.
  3624 | D:5      | Entered Level 5 of the Dungeon
  3631 | D:5      | Reached skill level 8 in Maces & Flails
  3929 | D:5      | Found a stormy altar of Qazlal.
  4204 | D:5      | Reached skill level 9 in Maces & Flails
  4361 | D:6      | You fall through a shaft for 3 floors!
  4393 | D:8      | Noticed a hippogriff
  4393 | D:8      | Noticed a yak
  4403 | D:8      | Found Qotus's Magic Scroll Emporium.
  4411 | D:8      | Slain by a killer bee

Skill      XL: |  1  2  3  4  5  6  7  8 |
---------------+-------------------------+-----
Maces & Flails | 3 4 5 7 9 |  9.3
Shields        | 4 |  4.8
Armour         | 4 |  4.3
Fighting       | 4 |  4.1
Dodging        | |  0.8
Stealth        | |  0.1

Action                   |  1- 3 |  4- 6 |  7- 9 || total
-------------------------+-------+-------+-------++-------
Melee: Flail             |    54 |       |       ||    54
       Mace              |    28 |    95 |   243 ||   366
  Use: Potion            |       |       |     1 ||     1
  Eat: Chunk             |       |     4 |     8 ||    12
Armor: Scale mail        |    54 |    39 |   127 ||   220
Dodge: Dodged            |    25 |    20 |    54 ||    99
Block: Shield            |    55 |    53 |   118 ||   226
